 Dungeon Crawl Stone Soup version 0.23-a0-650-ga4d50d4 (console) character file.

33 bli the Skirmisher (level 3, 0/31 HPs)
             Began as a Formicid Abyssal Knight on Jan 4, 2019.
             Was a Follower of Lugonu.
             Slain by a quokka (3 damage)
             ... on level 2 of the Dungeon.
             The game lasted 00:02:48 (1237 turns).

bli the Skirmisher (Formicid Abyssal Knight)        Turns: 1237, Time: 00:02:48

Health: 0/31       AC:  4    Str: 16    XL:     3   Next: 47%
Magic:  4/4        EV: 11    Int: 11    God:    Lugonu [*.....]
Gold:   29         SH:  0    Dex: 11    Spells: 2/2 levels left

rFire    . . .     SeeInvis +   a - +1 hand axe
rCold    . . .     Gourm    .   (no shield)
rNeg     . . .     Faith    .   b - +0 leather armour
rPois    .         Spirit   .   (helmet unavailable)
rElec    .         Reflect  .   i - +0 cloak
rCorr    .         Harm     .   (no gloves)
MR       .....                  (no boots)
Stlth    +.........             h - amulet of the acrobat
HPRegen  0.10/turn              (no ring)
MPRegen  0.09/turn              (no ring)

@: no status effects
A: permanent stasis, dig shafts and tunnels, four strong arms, antennae 3
a: Dig, Shaft Self, Depart the Abyss, Renounce Religion


You were on level 2 of the Dungeon.
You worshipped Lugonu.
Lugonu was aware of your devotion.
You were not hungry.

You visited 1 branch of the dungeon, and saw 2 of its levels.
You visited the Abyss 1 time.

You collected 29 gold pieces.

Inventory:

Hand Weapons
 a - a +1 hand axe (weapon)
Missiles
 d - 41 stones (quivered)
Armour
 b - a +0 leather armour (worn)
 e - a +0 scale mail
 i - a +0 cloak (worn)
Jewellery
 h - an amulet of the acrobat (around neck)
Scrolls
 g - a scroll of fog {unknown}
 j - a scroll of magic mapping {unknown}
 k - a scroll of identify {unknown}
 l - a scroll of teleportation {unknown}
Comestibles
 c - 3 rations
 f - 2 chunks of flesh


   Skills:
 * Level 4.7 Fighting
 - Level 2.0 Axes
 - Level 2.1 Armour
 - Level 0.8 Dodging
 - Level 2.1 Invocations


You had 2 spell levels left.
You didn't know any spells.
Your spell library was empty.

Dungeon Overview and Level Annotations

Branches:
Dungeon (2/15)

Altars:


Innate Abilities, Weirdness & Mutations

You cannot be hasted, slowed, berserked, paralysed or teleported.
You can dig through walls and to a lower floor.
Your four strong arms can wield two-handed weapons with a shield.
You have a pair of large antennae on your head. (SInv)


Message History

You hit the worm.
The worm is moderately wounded.
You hit the quokka but do no damage. The quokka misses you. The worm bites you!
* * * LOW HITPOINT WARNING * * *
You slash the worm!
The worm is severely wounded.
You closely miss the quokka. The quokka bites you.
* * * LOW HITPOINT WARNING * * *
The worm barely misses you. The quokka completely misses you.
You hit the quokka.
The quokka is severely wounded.
The quokka barely misses you.
You closely miss the quokka.
The quokka is severely wounded.
The quokka barely misses you.
You closely miss the quokka.
The quokka is severely wounded.
The quokka bites you.
You die...

### ## ##.###.[
##########...#...
#.....)....#.....
##.%...)######....
#............)....
#@#.....######....
#r#.....# #.)..
#†w###.............
#.## ..............
.. ....##...>.....
...
#########..#####
.... #.. ..?.. #.#
#..... ..


You could see a worm and a quokka.

Vanquished Creatures
  A leopard gecko (D:1)
  3 giant cockroaches
  5 goblins
  3 hobgoblins
  2 jackals (D:2)
  6 kobolds
  3 bats (D:1)
  2 frilled lizards
  3 rats (D:1)
28 creatures vanquished.

Notes
Turn   | Place    | Note
-------+----------+-------------------------------------------
     0 | Abyss:1  | bli the Formicid Abyssal Knight began the quest for the
                  | Orb.
     0 | Abyss:1  | Reached XP level 1. HP: 18/18 MP: 2/2
     5 | Abyss:1  | Found a shadowy altar of Dithmenos.
    68 | Abyss:1  | Found a corrupted altar of Lugonu.
   109 | Abyss:1  | Noticed a small abomination
   116 | Abyss:1  | Noticed a raiju
   119 | D:1      | Escaped the Abyss
   614 | D:1      | Reached XP level 2. HP: 25/25 MP: 3/3
   625 | D:1      | Reached skill level 4 in Fighting
   966 | D:1      | Reached XP level 3. HP: 27/31 MP: 4/4
  1033 | D:1      | Reached * piety under Lugonu
  1237 | D:2      | Slain by a quokka

Vault maps used:
D:1:      elethiomel_arrival_shortcut, nrook_mini_vaults
D:2:      chequers_ecumenical_altar_lobes

Skill      XL: |  1  2 |
---------------+-------+-----
Fighting       | 4 |  4.7
Axes           | |  2.0
Armour         | |  2.1
Dodging        | |  0.8
Invocations    | |  2.1

Action                   || total
-------------------------++-------
Melee: Hand axe          ||    91
Invok: Depart the Abyss  ||     1
 Abil: Dig               ||     1
  Eat: Chunk             ||     1
Armor: Leather armour    ||    32
Dodge: Dodged            ||    79

Table legend:
 A = Non-vault XP
 B = Vault XP
 C = Vault XP percentage of total XP
 D = Non-vault monster count
 E = Vault monster count
 F = Vault count percentage of total count
                 A         B        C        D         E       F
            +---------+---------+-------+---------+---------+-------
      Total |      48 |       0 |   0.0 |      28 |       0 |   0.0
            +---------+---------+-------+---------+---------+-------
        D:1 |      33 |       0 |   0.0 |      20 |       0 |   0.0
        D:2 |      15 |       0 |   0.0 |       8 |       0 |   0.0
            +---------+---------+-------+---------+---------+-------
